 Dungeon Crawl Stone Soup version 0.28-a0-863-g8cecda6153 (webtiles) character file.

Game seed: 16577526632798297768

273 Crownlay the Sneak (level 6, -1/38 HPs)
             Began as an Octopode Transmuter on Nov 18, 2021.
             Was an Initiate of Yredelemnul.
             Killed from afar by Blork the orc (7 damage)
             ... with a magic dart
             ... on level 4 of the Dungeon.
             The game lasted 00:09:13 (4555 turns).

Crownlay the Sneak (Octopode Transmuter)            Turns: 4555, Time: 00:09:14

Health: -1/38      AC:  1    Str:  9    XL:     6   Next: 23%
Magic:  18/18      EV: 13    Int: 18    God:    Yredelemnul [......]
Gold:   153        SH:  0    Dex: 12    Spells: 9/10 levels left

rFire   . . .      SeeInvis .   e - +2 dagger (vamp)
rCold   . . .      Faith    .   (no shield)
rNeg    . . .      Spirit   .   (helmet restricted)
rPois   .          Reflect  .   (no amulet)
rElec   .          Harm     .   g - ring of magical power
rCorr   +          Rampage  .   k - ring of resist corrosion
Will    .....                   l - +4 ring of slaying
Stlth   ++++......              (no ring)
HPRegen 0.12/turn               (no ring)
MPRegen 0.16/turn               (no ring)
                                (no ring)
                                (no ring)

@: no status effects
A: almost no armour, amphibious, 8 rings, camouflage 1, gelatinous body 1,
(nimble swimmer 1), tentacles
a: Renounce Religion


You were on level 4 of the Dungeon.
You worshipped Yredelemnul.
Yredelemnul was noncommittal.
You visited 2 branches of the dungeon, and saw 6 of its levels.

You collected 153 gold pieces.

Inventory:

Hand Weapons
 c - a +1 dagger of venom
 e - a +2 vampiric dagger (weapon)
Jewellery
 g - a ring of magical power (left tentacle)
 k - a ring of resist corrosion (right tentacle)
 l - a +4 ring of slaying (on tentacle)
Scrolls
 b - 2 scrolls of teleportation
 j - a scroll of brand weapon
 m - 2 scrolls of fear {unknown}
 n - a scroll of identify
 o - a scroll of noise {unknown}
Potions
 a - 2 potions of heal wounds {unknown}
 d - 2 potions of attraction
 f - a potion of resistance
 h - 2 potions of cancellation
 i - 2 potions of might


   Skills:
 - Level 1.1 Fighting
 - Level 2.0 Dodging
 + Level 6.7 Stealth
 - Level 3.0 Unarmed Combat
 - Level 2.5 Spellcasting
 * Level 3.6 Transmutations


You had 9 spell levels left.
You knew the following spells:

 Your Spells              Type           Power      Damage    Failure   Level
a - Beastly Appendage     Tmut           30%        N/A       3%          1

Your spell library contained the following spells:

 Spells                   Type           Power      Damage    Failure   Level
 Wereblood                Tmut           15%        N/A       6%          2
 Animate Skeleton         Necr           4%         N/A       17%         1
 Apportation              Tloc           4%         N/A       17%         1
 Summon Small Mammal      Summ           8%         N/A       17%         1
 Spider Form              Tmut/Pois      8%         N/A       24%         3
 Ice Form                 Ice/Tmut       8%         N/A       63%         4


Dungeon Overview and Level Annotations

Branches:
Dungeon (5/15)             Temple (1/1) D:4

Altars:
Ashenzari
Cheibriados
Elyvilon
Fedhas
Gozag
Hepliaklqana
Kikubaaqudgha
Makhleb
Nemelex Xobeh
Okawaru
Qazlal
Ru
Sif Muna
Trog
Vehumet
Xom
Yredelemnul
Zin
The Shining One

Annotations:
D:2 1 runed translucent door, Crazy Yiuf
D:4 Blork the orc


Innate Abilities, Weirdness & Mutations

You cannot wear most types of armour.
You are amphibious.
You can wear up to eight rings at the same time.
Your skin changes colour to match your surroundings (Stealth+).
Your rubbery body absorbs attacks. (AC +1, EV +1)
((You are camouflaged near water. (Stealth+)))
You have tentacles for arms and can constrict up to eight enemies at once.


Message History

You constrict Blork the orc, but do no damage.
Blork the orc hits you with a +0 morningstar.
You barely miss Blork the orc. You squeeze Blork the orc.
Blork the orc is lightly wounded.
You constrict Blork the orc. Blork the orc misses you.
You release your grip on Blork the orc.
You see here a +0 flail.
Things that are here:
a +0 mace; 12 gold pieces; an orc corpse You closely miss Blork the orc.
You grab Blork the orc. You squeeze Blork the orc.
Blork the orc is lightly wounded.
You constrict Blork the orc. Blork the orc barely misses you.
You release your grip on Blork the orc.
There is a stone staircase leading up here.
There are no items here.
You climb upwards.
There is a stone staircase leading down here.
You puncture Blork the orc!
You feel better.
Your grab misses Blork the orc.
Blork the orc is moderately wounded.
Blork the orc gestures at you while chanting.
The magic dart hits you.
You barely miss Blork the orc. You grab Blork the orc.
You squeeze Blork the orc.
Blork the orc is heavily wounded.
You constrict Blork the orc, but do no damage.
Blork the orc hits you with a +0 morningstar!
* * * LOW HITPOINT WARNING * * *
You puncture Blork the orc!
Blork the orc is severely wounded.
You constrict Blork the orc.
Blork the orc screams, "I don't like you!"
Blork the orc begins to cast a cantrip, but forgets the words!
You hit Blork the orc but do no damage.
Blork the orc is severely wounded.
You constrict Blork the orc.
Blork the orc points at you and mumbles some strange words.
The magic dart hits you!
You die...
Your body rises from the dead as a mindless zombie.

## .# .#######
.......############
.#####.........†..#
.##...###########.#
....#.....#######.#######
.#..).###.#.............#
.#.#.###........@o#####.#
...#.# #..#.####..# #.#
.###.###..#.# ##..# #.#
.##...##..#.# #...# #.#
.#........#.# #..## #.#
.#....###.#.# #..######.#
.#.#.## #.#.###......##.#
.).#.####.#......[......#
###.<.#.<.#####.####.####


You could see Blork the orc.

Vanquished Creatures
  A necrophage (D:5)
  2 hounds
  An iguana (D:4)
  An adder (D:3)
  An adder skeleton (D:4)
  A worm (D:3)
  A dart slug (D:1)
  8 orcs
  2 bats
  10 endoplasms
  2 giant cockroaches (D:2)
  6 goblins
  6 hobgoblins
  4 jackals (D:1)
  5 kobolds
  2 quokkas (D:1)
  10 ball pythons
  7 rats
70 creatures vanquished.

Notes
Turn   | Place    | Note
-------+----------+-------------------------------------------
     0 | D:1      | Crownlay the Octopode Transmuter began the quest for the
                  | Orb.
     0 | D:1      | Reached XP level 1. HP: 13/13 MP: 3/3
    37 | D:1      | Reached skill level 1 in Stealth
   104 | D:1      | Reached skill level 2 in Stealth
   107 | D:1      | Reached XP level 2. HP: 5/18 MP: 5/5
   323 | D:1      | Found an ancient bone altar of Kikubaaqudgha.
   432 | D:1      | Found a faded altar of an unknown god.
   462 | D:1      | Reached skill level 3 in Stealth
   891 | D:1      | Reached XP level 3. HP: 23/23 MP: 6/6
   948 | D:1      | Reached skill level 4 in Stealth
  1415 | D:2      | Found a runed translucent door.
  1416 | D:2      | Noticed Crazy Yiuf
  2170 | D:3      | Reached XP level 4. HP: 20/28 MP: 7/7
  2327 | D:3      | Reached skill level 5 in Stealth
  2539 | D:3      | Found a basalt altar of Yredelemnul.
  2588 | D:3      | Became a worshipper of Yredelemnul the Dark
  3721 | D:4      | Reached XP level 5. HP: 33/33 MP: 8/8
  4048 | D:4      | Reached skill level 6 in Stealth
  4152 | D:4      | Found a staircase to the Ecumenical Temple.
  4185 | Temple   | Entered the Ecumenical Temple
  4373 | D:5      | Entered Level 5 of the Dungeon
  4379 | D:5      | Noticed a necrophage
  4391 | D:5      | Killed a necrophage
  4392 | D:5      | Reached XP level 6. HP: 16/38 MP: 9/9
  4524 | D:5      | Noticed Blork the orc
  4555 | D:4      | Killed from afar by Blork the orc

Illustrated notes

Levels and vault maps discovered:
D:1:      heliophobic_arrival_ceremonial_halls, layout_loops_ring,
          hellmonk_ecumenical_altar_leap_of_faith, kennysheep_flooded_box,
          minmay_crystal_room, serial_bayou_pond_c, minmay_crystal_water
D:2:      layout_rooms, uniq_crazy_yiuf_cottage
D:3:      layout_loops_cross, mainiacjoe_overflow_brackets
D:4:      layout_loops_ring, minmay_temple_entry_overgrown,
          corexii_item_surrounded_by_moat
D:5:      layout_basic, uniq_blork_the_orc
Temple:   regret_index_temple_mists

Skill      XL: |  1  2  3  4  5 |
---------------+----------------+-----
Stealth        | 2 3 4 5 6 |  6.7
Transmutations | 3 |  3.6
Fighting       | |  1.1
Dodging        | |  2.0
Unarmed Combat | |  3.0
Spellcasting   | |  2.5

Action                   |  1- 3 |  4- 6 || total
-------------------------+-------+-------++-------
Melee: Unarmed           |    13 |       ||    13
       Constrict         |    21 |    13 ||    34
       Tentacles         |    15 |    14 ||    29
       Dagger            |    71 |    69 ||   140
       Punch             |       |     1 ||     1
  Use: Scroll            |       |     6 ||     6
 Stab: Sleeping          |    14 |     7 ||    21
Armor: Skin              |     7 |     1 ||     8
Dodge: Dodged            |    39 |    20 ||    59

Table legend: (Time is in decaauts)
 A = Elapsed time spent in this place.
 B = Non-inter-level travel time spent in this place.
 C = Inter-level travel time spent in this place.
 D = Time resting spent in this place.
 E = Time spent auto-exploring this place.
 F = Levels seen in this place.
 G = Mean time per level.
                   A        B        C        D        E       F      G
               +--------+--------+--------+--------+--------+-----+--------+
         Total |   4551 |   4429 |    122 |    440 |   3330 |   6 |  758.5 |
       Dungeon |   4413 |   4315 |     98 |    440 |   3233 |   5 |  882.6 |
        Temple |    138 |    114 |     24 |      0 |     97 |   1 |  138.0 |
               +--------+--------+--------+--------+--------+-----+--------+

Top non-repeatable levels by time:
     D:4: 1290 daAuts
     D:1: 1222 daAuts
     D:3: 1052 daAuts
     D:2: 670 daAuts
     D:5: 177 daAuts
  Temple: 138 daAuts
